 Dungeon Crawl Stone Soup version 0.31-a0-176-g91f28db67f (webtiles) character file.

Game seed: 8527881011121287910

999 qw the Chopper (level 8, -3/49 HPs)
             Began as a Gargoyle Fighter on June 17, 2023.
             Splashed by a jelly's acid (5 damage)
             ... on level 5 of the Dungeon.
             The game lasted 00:02:26 (4505 turns).

qw the Chopper (Gargoyle Fighter)                   Turns: 4505, Time: 00:02:26

Health: -3/49      AC: 16    Str: 27    XL:     8   Next: 19%
Magic:  8/8        EV:  7    Int: 13    God:
Gold:   265        SH:  4    Dex:  8    Spells: 7/7 levels left

rFire   . . .        Y - +1 war axe
rCold   . . .        c - +0 buckler
rNeg    + . .        g - +0 plate armour
rPois   inf          a - +1 helmet
rElec   +            (no cloak)
rCorr   .            (no gloves)
SInv    +            j - +0 pair of boots
Will    .....        (no amulet) Stlth
                     i - ring of see invisible
HPRegen 0.28/turn    p - +6 ring of strength
MPRegen 0.11/turn

%: no passive effects
@: corroded
A: sickness immunity, AC +5, negative energy resistance 1, electricity
resistance, torment resistance 1, petrification resistance, hooves 1, clever 1
a: no special abilities


You were on level 5 of the Dungeon.
You visited 2 branches of the dungeon, and saw 6 of its levels.
You also visited: Sewer.

You collected 304 gold pieces.
You spent 39 gold pieces at shops.


Innate Abilities, Weirdness & Mutations

You are immune to sickness and miasma.
Your stone body is resilient. (AC +5)
You are immune to poison.
You resist negative energy. (rN+)
You are resistant to electric shocks. (rElec)
You are resistant to unholy torment.
You are immune to petrification.
You have large cloven feet.
Your mind is acute. (Int +4, Str/Dex -1)


   Skills:
 - Level 5.1 Fighting
 + Level 7.5 Axes
 - Level 4.1 Armour
 - Level 1.2 Dodging
 - Level 3.2 Shields


You had 7 spell levels left.
You didn't know any spells.
Your spell library was empty.

Inventory:

Hand Weapons
 o - a +0 mace
 Y - a +1 war axe (weapon)
Armour
 a - a +1 helmet (worn)
 c - a +0 buckler (worn)
 f - a +2 scale mail of fire resistance
 g - a +0 plate armour (worn)
 j - a +0 pair of boots (worn)
Jewellery
 i - a ring of see invisible (left hand)
 p - a +6 ring of strength (right hand)
Wands
 n - a wand of digging (6)
Scrolls
 m - a scroll of identify
Potions
 b - a potion of lignification
 d - a potion of might
 e - a potion of enlightenment
 h - a potion of invisibility {unknown}
 l - 2 potions of curing
 q - a potion of magic {unknown}
 r - a potion of haste {unknown}

Dungeon Overview and Level Annotations

Branches:
Dungeon (5/15)             Temple (1/1) D:5           Sewer (visited)

Altars:
Ashenzari
Cheibriados
Dithmenos
Elyvilon
Fedhas
Gozag
Hepliaklqana
Kikubaaqudgha
Makhleb
Nemelex Xobeh
Qazlal
Ru
Sif Muna
Wu Jian
Xom
Yredelemnul
Zin

Shops:
D:3 (

Annotations:
D:5 1 runed translucent door, qw's ghost, novice GrHu


Message History

You closely miss the scorpion.
The scorpion is lightly wounded.
You slash the ogre! You block the scorpion's attack.
The ogre hits you with a +0 giant spiked club!!
The jelly jiggles.
The scorpion stings you but does no damage.
You slash the ogre!
The ogre is almost dead.
You hit the scorpion but do no damage.
The scorpion stings you but does no damage.
The ogre barely misses you.
You closely miss the ogre.
The ogre is almost dead.
You hit the scorpion.
The scorpion stings you but does no damage.
The ogre hits you with a +0 giant spiked club.
You block the scorpion's attack.
4501 ||| DRINKING potion of heal wounds.
You feel much better. The scorpion closely misses you.
The ogre hits you with a +0 giant spiked club!!
You slash the ogre!
You kill the ogre!
You hit the scorpion.
The scorpion stings you but does no damage.
You feel your strength returning.
You closely miss the scorpion.
The scorpion is heavily wounded.
You hit the jelly. The acid corrodes you!
Your hands burn!
The scorpion barely misses you. The jelly hits you but does no damage.
The scorpion stings you.
You barely miss the scorpion.
The scorpion is heavily wounded.
You hit the jelly.
Your hands burn!
The scorpion barely misses you. The jelly hits you.
You are splashed with acid!
You closely miss the scorpion.
The scorpion is heavily wounded.
You slash the jelly!
Your hands burn!
You die...

#.........## #.#.....
.##..........#####.#.....
.................))#.....
.##.........####.)####.##
#..........###...###.##
#..####.##..........#..##
... #.##...(...........
.....##s##............###
.......J@#....:..........
.......#)#...............
.......#.#...............
.......#.................
........... .............
...o....... .............
......##.... ...##......)
.###.......#.#####
##.......####


You could see a scorpion and a jelly.

Vanquished Creatures
  Eustachio (D:5)
  Duvessa (D:5)
  An ogre (D:5)
  Blork the orc (D:5)
  A scorpion (D:4)
  Dowan (D:5)
  A hound (D:5)
  An orc priest (D:5)
  Terence (D:3)
  An iguana (D:4)
  A sleepcap (D:5)
  Natasha (thrice) (D:2)
  2 orc wizards (D:5)
  3 gnolls (D:5)
  8 adders
  A river rat (D:4)
  A worm (D:4)
  2 dart slugs (D:3)
  5 orcs (D:5)
  13 ball pythons
  5 bats
  8 endoplasms
  9 giant cockroaches
  6 goblins
  9 hobgoblins
  A jackal (D:1)
  14 kobolds
  8 quokkas
  5 frilled lizards
  6 rats
120 creatures vanquished.

Notes
Turn   | Place    | Note
-------+----------+-------------------------------------------
     0 | D:1      | qw the Gargoyle Fighter began the quest for the Orb.
     0 | D:1      | Reached XP level 1. HP: 14/14 MP: 1/1
     0 | D:1      | 0 ||| qw: Version: 0.3-a-5-g6f28e65
     0 | D:1      | 0 ||| qw: Game counter: 473
     0 | D:1      | 0 ||| qw: Always use a shield: true
     0 | D:1      | 0 ||| qw: God list: Okawaru
     0 | D:1      | 0 ||| qw: Allow faded altars: false
     0 | D:1      | 0 ||| qw: Do Orc after D:15 true
     0 | D:1      | 0 ||| qw: Do second Lair branch before Depths: true
     0 | D:1      | 0 ||| qw: Lair rune preference: random
     0 | D:1      | 0 ||| qw: Plans: Normal, Zot:1-4, Slime:5, God:TSO, Crypt,
                  | Tomb, Abyss, Pan, Hells, Win
     0 | D:1      | 0 ||| PLANNING D:1-11
    29 | D:1      | Reached skill level 2 in Axes
   131 | D:1      | Reached XP level 2. HP: 19/19 MP: 2/2
   382 | D:1      | 382 ||| Stepping ~*~*~tactically~*~*~ (stealth).
   384 | D:1      | 384 ||| Stepping ~*~*~tactically~*~*~ (stealth).
   500 | D:1      | Reached skill level 3 in Axes
   924 | D:1      | 924 ||| UPGRADING to +0 plate armour.
   934 | D:1      | 934 ||| DROPPING +0 scale mail.
   935 | D:1      | 935 ||| UPGRADING to +0 pair of boots.
   940 | D:1      | 940 ||| READING scroll labelled HIYNED WIHUTA.
   941 | D:1      | 941 ||| READING scroll labelled PESARYTUUV.
   942 | D:1      | 942 ||| READING scroll labelled DOISCH ENED.
  1002 | D:2      | Reached XP level 3. HP: 21/23 MP: 3/3
  1063 | D:2      | 1063 ||| DROPPING +0 club.
  1243 | D:2      | Noticed Natasha
  1253 | D:2      | Killed Natasha
  1254 | D:2      | Reached skill level 4 in Axes
  1254 | D:2      | Reached XP level 4. HP: 12/28 MP: 4/4
  1411 | D:2      | 1411 ||| Stepping ~*~*~tactically~*~*~ (stealth).
  1481 | D:2      | 1481 ||| Stepping ~*~*~tactically~*~*~ (stealth).
  1483 | D:2      | 1483 ||| Stepping ~*~*~tactically~*~*~ (stealth).
  1485 | D:2      | 1485 ||| Stepping ~*~*~tactically~*~*~ (stealth).
  1487 | D:2      | 1487 ||| Stepping ~*~*~tactically~*~*~ (stealth).
  1489 | D:2      | 1489 ||| Stepping ~*~*~tactically~*~*~ (stealth).
  1491 | D:2      | 1491 ||| Stepping ~*~*~tactically~*~*~ (stealth).
  1493 | D:2      | 1493 ||| Stepping ~*~*~tactically~*~*~ (stealth).
  1495 | D:2      | 1495 ||| Stepping ~*~*~tactically~*~*~ (stealth).
  1497 | D:2      | 1497 ||| Stepping ~*~*~tactically~*~*~ (stealth).
  1498 | D:2      | 1498 ||| Stepping ~*~*~tactically~*~*~ (stealth).
  1760 | D:2      | Noticed Natasha
  1765 | D:2      | Killed Natasha
  1766 | D:2      | Reached XP level 5. HP: 29/32 MP: 5/5
  1898 | D:2      | Noticed Natasha
  1901 | D:2      | Killed Natasha
  1950 | D:2      | 1950 ||| READING scroll labelled XYFOAT MINT.
  1951 | D:2      | 1951 ||| READING scroll labelled GYIRYPNIKI.
  1952 | D:2      | 1952 ||| READING scroll labelled NIADUO BOHUWK.
  1953 | D:2      | 1953 ||| DRINKING 2 metallic ruby potions.
  1953 | D:2      | Gained mutation: You are agile. (Dex +4, Str/Int -1)
                  | [potion of mutation]
  1953 | D:2      | Gained mutation: You sometimes lose your temper in combat.
                  | [potion of mutation]
  1954 | D:2      | 1954 ||| DRINKING potion of mutation.
  1954 | D:2      | Lost mutation: You sometimes lose your temper in combat.
                  | [potion of mutation]
  1954 | D:2      | Lost mutation: You are agile. (Dex +4, Str/Int -1) [potion
                  | of mutation]
  1954 | D:2      | Gained mutation: Your mind is acute. (Int +4, Str/Dex -1)
                  | [potion of mutation]
  1954 | D:2      | Gained mutation: You have large cloven feet. [potion of
                  | mutation]
  1955 | D:2      | 1955 ||| DRINKING 2 cyan potions.
  1990 | D:3      | Found a basalt altar of Yredelemnul.
  2101 | D:3      | Found a sacrificial altar of Ru.
  2144 | D:3      | Reached skill level 5 in Axes
  2147 | D:3      | Found a glowing silver altar of Zin.
  2468 | D:3      | 2468 ||| Stepping ~*~*~tactically~*~*~ (hiding).
  2470 | D:3      | 2470 ||| Stepping ~*~*~tactically~*~*~ (hiding).
  2478 | D:3      | 2478 ||| Stepping ~*~*~tactically~*~*~ (stealth).
  2505 | D:3      | 2505 ||| Stepping ~*~*~tactically~*~*~ (stealth).
  2511 | D:3      | Noticed Terence
  2521 | D:3      | Killed Terence
  2656 | D:3      | Identified the +1 robe of Erreluest {rF+ Will+ Str+3}
  2801 | D:3      | Found Dafohato's Weapon Emporium.
  2808 | D:3      | 2808 ||| BUYING +0 mace (39 gold).
  2808 | D:3      | Bought a +0 mace for 39 gold pieces
  2808 | D:3      | 2808 ||| DROPPING +3 whip.
  2908 | D:3      | 2908 ||| UPGRADING to +1 helmet.
  2913 | D:3      | 2913 ||| UPGRADING to ring of see invisible.
  2914 | D:3      | 2914 ||| UPGRADING to +6 ring of strength.
  2915 | D:3      | 2915 ||| DRINKING 4 fuming emerald potions.
  2916 | D:3      | 2916 ||| READING 3 scrolls of identify.
  2916 | D:3      | 2916 ||| IDENTIFYING ruby potion
  2917 | D:3      | 2917 ||| READING 2 scrolls of identify.
  2917 | D:3      | 2917 ||| IDENTIFYING viscous emerald potion
  2918 | D:3      | 2918 ||| DROPPING 3 potions of degeneration.
  2956 | D:4      | 2956 ||| PLANNING SEWER
  3147 | D:4      | Reached XP level 6. HP: 38/38 MP: 6/6
  3533 | D:4      | Found a glowing drain.
  3534 | D:4      | 3534 ||| READING 2 scrolls of identify.
  3534 | D:4      | 3534 ||| IDENTIFYING fizzy dark potion
  3535 | D:4      | 3535 ||| DROPPING potion of ambrosia.
  3541 | Sewer    | Entered a sewer
  3557 | Sewer    | 3557 ||| Stepping ~*~*~tactically~*~*~ (water).
  3563 | Sewer    | Reached skill level 6 in Axes
  3581 | Sewer    | 3581 ||| Stepping ~*~*~tactically~*~*~ (water).
  3601 | D:4      | 3601 ||| PLANNING D:1-11
  3674 | D:4      | 3674 ||| READING scroll labelled AHEPIEDENE.
  3811 | D:5      | Entered Level 5 of the Dungeon
  3811 | D:5      | Noticed Eustachio
  3811 | D:5      | Noticed Blork the orc
  3818 | D:5      | Killed Blork the orc
  3819 | D:5      | Reached XP level 7. HP: 30/43 MP: 7/7
  3826 | D:5      | HP: 8/43 [gnoll/+0 spear (3)]
  3827 | D:5      | 3827 ||| DRINKING 2 potions of heal wounds.
  3844 | D:5      | Killed Eustachio
  3856 | D:5      | Noticed Duvessa
  3857 | D:5      | 3857 ||| FLEEEEING.
  3858 | D:5      | 3858 ||| STAIRDANCE
  3956 | D:5      | Killed Duvessa
  3957 | D:5      | Reached skill level 7 in Axes
  3958 | D:5      | Noticed Dowan
  3978 | D:5      | Killed Dowan
  4224 | D:5      | Found a staircase to the Ecumenical Temple.
  4225 | D:5      | 4225 ||| PLANNING TEMPLE
  4225 | D:5      | 4225 ||| DRINKING 3 coppery potions.
  4239 | Temple   | Entered the Ecumenical Temple
  4353 | Temple   | 4353 ||| PLANNING D:1-11
  4387 | D:5      | Found a runed translucent door.
  4389 | D:5      | Noticed qw's ghost (novice GrHu)
  4424 | D:5      | 4424 ||| Stepping ~*~*~tactically~*~*~ (hiding).
  4434 | D:5      | Reached XP level 8. HP: 49/49 MP: 8/8
  4480 | D:5      | 4480 ||| Stepping ~*~*~tactically~*~*~ (hiding).
  4497 | D:5      | Reached skill level 1 in Dodging
  4500 | D:5      | HP: 12/49 [ogre/+0 giant spiked club (5)]
  4501 | D:5      | 4501 ||| DRINKING potion of heal wounds.
  4504 | D:5      | HP: 2/49 [acid (10)]
  4505 | D:5      | Splashed by a jelly's acid

Levels and vault maps discovered:
D:1:      sevenhm_arrival_forest_fort_large_4, layout_basic, minmay_domino_4
D:2:      layout_loops_ring, uniq_natasha
D:3:      kennysheep_six_static_rooms, layout_basic, zin_treasury,
          old_standard_altar, yredelemnul_altar_generic, serial_shops,
          nicolae_shop_advertising_works [nicolae_subvault_shop_adworks],
          uniq_terence
D:4:      layout_rooms, gup_sewer_entry_bubbles
D:5:      layout_rooms, minmay_temple_entry_junction, ebering_ghost_sewer_d,
          uniq_eustachio, uniq_blork_the_orc, uniq_duvessa
Temple:   nicolae_temple_superstar

Skill      XL: |  1  2  3  4  5  6  7  8 |
---------------+-------------------------+-----
Axes           | 2 3 4 5 6 7 |  7.5
Fighting       | 4 5 |  5.1
Armour         | 4 |  4.1
Dodging        | 1 |  1.2
Shields        | |  3.2

Action                     |  1- 3 |  4- 6 |  7- 9 || total
---------------------------+-------+-------+-------++-------
  Melee: War axe           |   109 |   209 |    84 ||   402
    Use: Scroll            |     3 |     7 |       ||    10
         Potion            |       |     4 |     3 ||     7
 Armour: Scale mail        |    18 |       |       ||    18
         Plate armour      |    67 |   159 |   131 ||   357
  Dodge: Dodged            |    39 |    50 |    58 ||   147
  Block: Buckler           |    26 |    35 |    19 ||    80

Table legend:
 A = Non-vault XP
 B = Vault XP
 C = Vault XP percentage of total XP
 D = Non-vault monster count
 E = Vault monster count
 F = Vault count percentage of total count
                 A         B        C        D         E       F
            +---------+---------+-------+---------+---------+-------
      Total |     733 |     695 |  48.7 |      89 |      31 |  25.8
            +---------+---------+-------+---------+---------+-------
        D:1 |      30 |       3 |   9.1 |      19 |       2 |   9.5
        D:2 |     136 |      35 |  20.5 |      25 |       1 |   3.8
        D:3 |      38 |      63 |  62.4 |      18 |       7 |  28.0
        D:4 |     151 |      45 |  23.0 |      13 |       6 |  31.6
        D:5 |     378 |     516 |  57.7 |      14 |       4 |  22.2
      Sewer |       0 |      33 | 100.0 |       0 |      11 | 100.0
            +---------+---------+-------+---------+---------+-------
